 Dungeon Crawl Stone Soup version 0.28-a0-773-g130ae17fe5 (webtiles) character file.

Game seed: 6215562447316376667

287 croobank the Digger (level 6, 0/33 HPs)
             Began as a Gargoyle Earth Elementalist on Nov 1, 2021.
             Slain by a hound (2 damage)
             ... on level 5 of the Dungeon.
             The game lasted 00:29:18 (4122 turns).

croobank the Digger (Gargoyle Earth Elementalist)   Turns: 4122, Time: 00:29:18

Health: 0/33       AC:  6    Str: 13    XL:     6   Next: 30%
Magic:  1/11       EV: 12    Int: 16    God:
Gold:   184        SH:  0    Dex: 10    Spells: 6/12 levels left

rFire   . . .      SeeInvis .   k - +0 flail (holy)
rCold   . . .      Faith    .   (no shield)
rNeg    + . .      Spirit   .   b - +0 robe
rPois   ∞          Reflect  .   (no helmet)
rElec   +          Harm     .   (no cloak)
rCorr   .          Rampage  .   (no gloves)
Will    .....                   (no boots)
Stlth   ++........              (no amulet)
HPRegen 0.11/turn               (no ring)
MPRegen 0.12/turn               (no ring)

@: no status effects
A: sickness immunity, AC +4, negative energy resistance 1, electricity
resistance, torment resistance 1, petrification resistance
a: no special abilities


You were on level 5 of the Dungeon.
You visited 1 branch of the dungeon, and saw 5 of its levels.

You collected 184 gold pieces.

Inventory:

Hand Weapons
 e - a +0 hand axe
 j - a +0 mace
 k - a +0 flail of holy wrath (weapon)
Missiles
 c - 74 stones
 g - 64 arrows
Armour
 a - a +0 ring mail
 b - a +0 robe (worn)
 h - a +0 leather armour
 l - a +0 scale mail
Wands
 m - a wand of iceblast (6)
Scrolls
 i - a scroll of fear {unknown}
 n - a scroll of noise {unknown}
Potions
 d - a potion of flight
 f - a potion of lignification {unknown}


   Skills:
 + Level 0.6 Fighting
 + Level 0.1(1.0) Axes
 + Level 1.8(1.9) Maces & Flails
 + Level 2.2 Dodging
 + Level 2.8 Stealth
 + Level 0.6 Unarmed Combat
 + Level 3.5 Spellcasting
 + Level 0.2 Conjurations
 + Level 0.8 Transmutations
 + Level 5.5 Earth Magic


You had 6 spell levels left.
You knew the following spells:

 Your Spells              Type           Power      Damage    Failure   Level
a - Sandblast             Erth           40%        2d10      1%          1
b - Passwall              Tmut/Erth      10%        N/A       7%          2
c - Stone Arrow           Conj/Erth      24%        3d8       16%         3

Your spell library contained the following spells:

 Spells                   Type           Power      Damage    Failure   Level
 Petrify                  Tmut/Erth      13%        N/A       43%         4
 Inner Flame              Hex/Fire       2%         N/A       47%         3
 Cause Fear               Hex            1%         N/A       87%         4
 Blade Hands              Tmut           2%         N/A       98%         5
 Monstrous Menagerie      Summ           1%         N/A       100%        7
 Storm Form               Tmut/Air       2%         N/A       100%        7
 Discord                  Hex            1%         N/A       100%        8


Dungeon Overview and Level Annotations

Branches:
Dungeon (5/15)
 Temple: D:4-7

Altars:
Hepliaklqana
Uskayaw

Shops:
D:1 !

Annotations:
D:4 1 runed translucent door, Crazy Yiuf


Innate Abilities, Weirdness & Mutations

You are immune to sickness and miasma.
Your stone body is resilient. (AC +4)
You are immune to poison.
You resist negative energy. (rN+)
You are resistant to electric shocks. (rElec)
You are resistant to unholy torment.
You are immune to petrification.


Message History

Press: ? - help, Q - select action, (/) - cycle Shift-Dir - straight line, f - hound, p - orc
Aim: a hound (73% to hit)
The blast of sand hits the hound.
The hound is lightly wounded.
The hound completely misses you.
You hit the hound.
The hound is moderately wounded.
The hound barely misses you. The hound bites you. The orc barely misses you.
You hit the hound.
The hound is heavily wounded.
You flicker back into view.
The hound misses you. The orc hits you with a +0 club.
The hound barely misses you.
You closely miss the hound.
The hound is heavily wounded.
The hound bites you.
* * * LOW HITPOINT WARNING * * *
The orc hits you but does no damage. The hound barely misses you.
The orc closely misses you. The hound misses you. The hound barely misses you.
The hound barely misses you. 2 orcs come into view.
The hound bites you.
* * * LOW HITPOINT WARNING * * *
The hound closely misses you.
Found a hunting sling.
The hound bites you.
* * * LOW HITPOINT WARNING * * *
Your magical contamination has completely faded away.
Aiming: Sandblast (safe; 1% risk of failure)
Press: ? - help, Q - select action, (/) - cycle Shift-Dir - straight line, f/p - hound
Aim: a hound (heavily wounded, 73% to hit)
The blast of sand hits the hound.
The hound is severely wounded.
The hound bites you but does no damage.
You closely miss the hound.
The hound is severely wounded.
The hound bites you but does no damage. x2
The hound bites you.
You die...

##.........###
#............### .
##...............
...#........>.......
#..................
#.....<..##........
##..#....##o......#
.... #....##........
... #....@h........
.. #.....o........ .
...#....#........
..##.........###.
..#......#.#
...##....##... .)#
...... .... ..
#...... ..


You could see a hound and an orc.

Vanquished Creatures
  A hound (D:4)
  Ijyb (D:3)
  Natasha (thrice) (D:3)
  Terence (D:2)
  Robin (D:4)
  7 adders
  An orc (D:4)
  4 endoplasms
  4 giant cockroaches
  8 goblins
  11 hobgoblins
  2 jackals (D:2)
  7 ball pythons
  6 bats
  A frilled lizard (D:1)
  5 kobolds
  5 rats
68 creatures vanquished.

Notes
Turn   | Place    | Note
-------+----------+-------------------------------------------
     0 | D:1      | croobank the Gargoyle Earth Elementalist began the quest
                  | for the Orb.
     0 | D:1      | Reached XP level 1. HP: 10/10 MP: 3/3
    21 | D:1      | Found Wuthagob's Distillery.
   473 | D:1      | Found a faded altar of an unknown god.
   601 | D:1      | Reached skill level 4 in Earth Magic
   601 | D:1      | Reached XP level 2. HP: 4/15 MP: 1/5
  1653 | D:2      | Reached XP level 3. HP: 10/19 MP: 4/6
  1982 | D:2      | Noticed Terence
  1991 | D:2      | Learned a level 2 spell: Passwall
  1995 | D:2      | Killed Terence
  1996 | D:2      | Reached XP level 4. HP: 24/24 MP: 2/7
  2593 | D:3      | Found a hide-covered altar of Uskayaw.
  2673 | D:3      | Got the Collected Works on Moulding and Creation
  2753 | D:3      | Found a hazy altar of Hepliaklqana.
  2760 | D:3      | Noticed Ijyb
  2770 | D:3      | Learned a level 3 spell: Stone Arrow
  2797 | D:3      | Killed Ijyb
  3030 | D:3      | Reached XP level 5. HP: 19/28 MP: 9/9
  3405 | D:3      | Noticed Natasha
  3408 | D:3      | Killed Natasha
  3409 | D:3      | Reached skill level 5 in Earth Magic
  3478 | D:3      | Noticed Natasha
  3483 | D:3      | Killed Natasha
  3484 | D:3      | Reached skill level 1 in Maces & Flails
  3621 | D:3      | Noticed Natasha
  3626 | D:3      | Killed Natasha
  3873 | D:4      | Found a runed translucent door.
  3874 | D:4      | Noticed Crazy Yiuf
  3906 | D:4      | Reached XP level 6. HP: 20/33 MP: 7/11
  4049 | D:4      | Noticed Robin
  4068 | D:4      | Killed Robin
  4105 | D:5      | Entered Level 5 of the Dungeon
  4122 | D:5      | Slain by a hound

Illustrated notes

Levels and vault maps discovered:
D:1:      dpeg_arrival_houses_and_road, layout_loops_ring,
          shapermc_ecumenical_altar_acropolis, serial_shops, shop_fountains
D:2:      layout_basic, uniq_terence
D:3:      layout_loops_ring, amcnicky_altar_gilded, general_overflow_altar,
          minmay_shallow_snake_nest, uniq_natasha, uniq_ijyb
D:4:      layout_loops_ring, nicolae_ru_awakened_eye, ebering_ghost_rock_garden,
          corner_web_ring, uniq_crazy_yiuf_cottage, uniq_edmund, uniq_robin
D:5:      layout_cave_pools, nemelex_dance_club_becter

Skill      XL: |  1  2  3  4  5 |
---------------+----------------+-----
Earth Magic    | 4 5 |  5.5
Dodging        | 2 |  2.2
Spellcasting   | 3 |  3.5
Maces & Flails | 1 |  1.8
Fighting       | |  0.6
Axes           | |  0.1
Stealth        | |  2.8
Unarmed Combat | |  0.6
Conjurations   | |  0.2
Transmutations | |  0.8

Action                   |  1- 3 |  4- 6 || total
-------------------------+-------+-------++-------
Melee: Unarmed           |    37 |       ||    37
       Hand axe          |    15 |       ||    15
       Flail             |       |   106 ||   106
       Mace              |       |     4 ||     4
 Cast: Sandblast         |    25 |    45 ||    70
       Stone Arrow       |       |     4 ||     4
  Use: Scroll            |     4 |     2 ||     6
       Potion            |     1 |     3 ||     4
 Stab: Sleeping          |       |     2 ||     2
Armor: Robe              |    10 |    61 ||    71
Dodge: Dodged            |    44 |   121 ||   165

Table legend: (Time is in decaauts)
 A = Elapsed time spent in this place.
 B = Non-inter-level travel time spent in this place.
 C = Inter-level travel time spent in this place.
 D = Time resting spent in this place.
 E = Time spent auto-exploring this place.
 F = Levels seen in this place.
 G = Mean time per level.
                   A        B        C        D        E       F      G
               +--------+--------+--------+--------+--------+-----+--------+
         Total |   4170 |   4104 |     66 |   1170 |   2094 |   5 |  834.0 |
       Dungeon |   4170 |   4104 |     66 |   1170 |   2094 |   5 |  834.0 |
               +--------+--------+--------+--------+--------+-----+--------+

Top non-repeatable levels by time:
     D:1: 1509 daAuts
     D:3: 1259 daAuts
     D:2: 1096 daAuts
     D:4: 287 daAuts
     D:5: 18 daAuts
